 Dungeon Sprint DCSS version 0.32-a0-433-g08bcfe7efd (webtiles) character file.

Game seed: 9573555934431235786

13173 adelrune the Shatterer (level 12, -10/94 HPs)
             Began as a Formicid Fighter on Feb 22, 2024.
             Was the Champion of Cheibriados.
             Mangled by an orc knight
             ... wielding a +0 war axe
              (20 damage)
             ... in the Dungeon (Sprint IX: "|||||||||||||||||||||||||||||").
             The game lasted 00:06:46 (1857 turns).

adelrune the Shatterer (Formicid Fighter)           Turns: 1857, Time: 00:06:47

Health: -10/94     AC: 16    Str: 47    XL:     12   Next: 29%
Magic:  24/24      EV: 15    Int: 23    God:    Cheibriados [******]
Gold:   1252       SH:  0    Dex: 28    Spells: 11/11 levels left

rFire   . . .        p - +0 giant spiked club
rCold   . . .        (shield currently unavailable)
rNeg    . . .        y - +0 plate armour
rPois   .            (helmet unavailable)
rElec   .            l - +0 cloak
rCorr   .            k - +0 pair of gloves
SInv    +            (no boots)
Will    +....        (no amulet) Stlth
                     n - +3 ring of strength
HPRegen 0.35/turn    o - +3 ring of strength
MPRegen 0.19/turn

%: no passive effects
@: very slow
A: permanent stasis, dig shafts and tunnels, antennae 3, four strong arms
a: Dig, Renounce Religion, Bend Time, Temporal Distortion, Slouch, Step From
Time


You were in the Dungeon.
You worshipped Cheibriados.
Cheibriados was exalted by your worship.
You visited 1 branch You collected 1252 gold pieces.

Inventory:

Hand Weapons
 a - a +0 flail
 j - a +2 dire flail of protection
 p - a +0 giant spiked club (weapon)
Armour
 b - a +0 scale mail
 c - a +0 buckler
 k - a +0 pair of gloves (worn)
 l - a +0 cloak (worn)
 m - a +1 chain mail
 s - a +2 scale mail of poison resistance
 y - a +0 plate armour (worn)
Jewellery
 n - a +3 ring of strength (left hand)
 o - a +3 ring of strength (right hand)
Wands
 i - a wand of quicksilver (10)
Scrolls
 h - 2 scrolls of amnesia
 t - 2 scrolls of enchant armour
 u - 2 scrolls of enchant weapon
 v - a scroll of identify
 w - 2 scrolls of fog
Potions
 d - a potion of invisibility
 e - 8 potions of curing
 f - 3 potions of heal wounds
 g - 4 potions of magic
 q - 2 potions of might
 r - a potion of brilliance
 x - a potion of enlightenment


   Skills:
 - Level 8.9 Fighting
 * Level 21.4 Maces & Flails
 - Level 8.9 Armour
 - Level 6.6 Dodging
 - Level 10.3 Shields
 + Level 16.7 Invocations


You had 11 spell levels left.
You didn't know any spells.
Your spell library contained the following spells:

 Spells                   Type           Power      Damage    Failure   Level
 Animate Armour           Summ/Erth      0%         N/A       99%         4
 Summon Lightning Spire   Summ/Air       0%         N/A       99%         4
 Lee's Rapid Deconstruct  Erth           0%         3d4*      100%        5


Dungeon Overview and Level Annotations

Branches:
Dungeon (1/1)

Altars:
Cheibriados
Dithmenos
Elyvilon
Fedhas
Gozag
Hepliaklqana
Kikubaaqudgha
Makhleb
Nemelex Xobeh
Okawaru
Qazlal
Ru
Sif Muna
Trog
Uskayaw
Vehumet
Wu Jian
Xom
Yredelemnul
Zin
The Shining One
Beogh
Jiyva
Lugonu

Shops:
D [


Innate Abilities, Weirdness & Mutations

You cannot be hasted, slowed, berserked, paralysed or teleported.
You can dig through walls and to a lower floor.
You have a pair of large antennae on your head. (SInv)
Your four strong arms can wield two-handed weapons with a shield.


Message History

An orc knight comes into view. It is wielding a +0 great sword.
You barely miss the orc warrior.
The orc knight roars a battlecry!
The orc warrior hits you with a +0 battleaxe.
You hear a shout!
You bludgeon the orc warrior!!
The orc warrior is severely wounded.
You barely miss the orc knight. You barely miss the orc knight.
You barely miss the orc knight.
The orc knight hits you with a +3 great sword.
An orc knight comes into view. It is wielding a +0 glaive.
You bludgeon the orc knight!!
The orc knight is moderately wounded.
The orc knight barely misses you.
You thump the orc knight!
The orc knight is heavily wounded.
You bludgeon the orc knight!!
The orc knight is severely wounded.
The orc knight hits you with a +3 great sword!
An orc knight comes into view. It is wielding a +0 long sword.
You spit the orc knight like a pig!!!
You kill the orc knight!
Cheibriados appreciates the change of pace.
The orc warrior unwields a +0 battleaxe.
The orc warrior wields a +0 arbalest.
The orc warrior shoots a bolt.
The bolt hits you but does no damage.
There is an open door to Orc:2, spattered with blood here.
Items here: )) [[ †.
You impale the orc knight!!
The orc knight is heavily wounded.
The orc knight hits you with a +0 war axe!!
* * * LOW HITPOINT WARNING * * *
You barely miss the orc knight.
The orc knight is heavily wounded.
You barely miss the orc knight.
The orc knight is heavily wounded.
The orc knight hits you with a +0 war axe!!
You die...
Cheibriados appreciates the motionlessness of death.

_________________'.?)......')))).
▓▓▓▓▓▓▓▓▓▓▓▓▓▓▓▓▓▓▓▓▓▓▓▓▓▓▓▓▓▓▓▓▓
.................................
▓▓▓▓▓▓▓▓▓▓▓▓▓▓▓▓▓▓▓▓▓▓▓▓▓▓▓▓▓▓▓▓▓
.......††........'†.†.....[!.('..
▓▓▓▓▓▓▓▓▓▓▓▓▓▓▓▓▓▓▓▓▓▓▓▓▓▓▓▓▓▓▓▓▓
.................................
▓▓▓▓▓▓▓▓▓▓▓▓▓▓▓▓▓▓▓▓▓▓▓▓▓▓▓▓▓▓▓▓▓
...)))).))).....@oooooo. { {


{{{{ ▓▓▓▓▓▓▓▓▓▓▓▓▓▓▓▓▓▓▓▓▓▓▓▓ { { {{{{{{{{{{{{{{ {{ {{{{ You could see 4 orc
knights and 2 orc warriors.

Vanquished Creatures
  A centaur warrior (D)
  A boulder beetle (D)
  A two-headed ogre (D)
  7 death yaks (D)
  3 orc knights (D)
  An ugly thing (D)
  An orc sorcerer (D)
  An elephant (D)
  A gargoyle (D)
  A torpor snail (D)
  2 cane toads (D)
  A rime drake (D)
  A tengu conjurer (D)
  A komodo dragon (D)
  A kobold demonologist (D)
  A troll (D)
  A wyvern (D)
  4 yaks (D)
  A steam dragon (D)
  3 water moccasins (D)
  6 orc warriors (D)
  A wolf (D)
  3 centaurs (D)
  3 bullfrogs (D)
  A scorpion (D)
  A killer bee (D)
  A howler monkey (D)
  A hound (D)
  6 orc priests (D)
  4 orc wizards (D)
  A gnoll (D)
  8 orcs (D)
  A ball python (D)
  An endoplasm (D)
  A hobgoblin (D)
  A bat (D)
  A rat (D)
75 creatures vanquished.

Notes
Turn   | Place    | Note
-------+----------+-------------------------------------------
     0 | D        | adelrune the Formicid Fighter began the quest for the Orb.
     0 | D        | Reached XP level 1. HP: 18/18 MP: 1/1
    23 | D        | Noticed a hound
    23 | D        | Noticed a scorpion
    23 | D        | Noticed a centaur
    28 | D        | Reached skill level 3 in Maces & Flails
    28 | D        | Reached skill level 1 in Dodging
    28 | D        | Reached XP level 2. HP: 19/25 MP: 2/2
    36 | D        | Reached skill level 4 in Maces & Flails
    36 | D        | Reached skill level 5 in Shields
    36 | D        | Reached XP level 3. HP: 25/31 MP: 3/3
    36 | D        | Reached XP level 4. HP: 30/38 MP: 4/4
    39 | D        | Killed a scorpion
    40 | D        | Reached skill level 5 in Fighting
    40 | D        | Reached skill level 5 in Maces & Flails
    40 | D        | Reached skill level 5 in Armour
    40 | D        | Reached XP level 5. HP: 22/44 MP: 5/5
    44 | D        | Killed a centaur
    45 | D        | Reached skill level 6 in Maces & Flails
   170 | D        | Found a roughly hewn altar of Beogh.
   170 | D        | Found a snail-covered altar of Cheibriados.
   170 | D        | Found a shadowy altar of Dithmenos.
   170 | D        | Found a white marble altar of Elyvilon.
   170 | D        | Found a blossoming altar of Fedhas.
   170 | D        | Found an opulent altar of Gozag.
   171 | D        | Found a hazy altar of Hepliaklqana.
   172 | D        | Found a viscous altar of Jiyva.
   173 | D        | Found an ancient bone altar of Kikubaaqudgha.
   174 | D        | Became a worshipper of Cheibriados the Contemplative
   375 | D        | Found a corrupted altar of Lugonu.
   376 | D        | Found a burning altar of Makhleb.
   377 | D        | Found a sparkling altar of Nemelex Xobeh.
   378 | D        | Found an iron altar of Okawaru.
   379 | D        | Found a stormy altar of Qazlal.
   380 | D        | Found a sacrificial altar of Ru.
   381 | D        | Found a shimmering blue altar of Sif Muna.
   382 | D        | Found a bloodstained altar of Trog.
   383 | D        | Found a hide-covered altar of Uskayaw.
   384 | D        | Found a radiant altar of Vehumet.
   385 | D        | Found an ornate altar of the Wu Jian Council.
   386 | D        | Found a shimmering altar of Xom.
   387 | D        | Found a basalt altar of Yredelemnul.
   388 | D        | Found a glowing silver altar of Zin.
   389 | D        | Found a glowing golden altar of the Shining One.
   440 | D        | Noticed a centaur
   440 | D        | Noticed a centaur
   440 | D        | Noticed a two-headed ogre
   440 | D        | Noticed a kobold demonologist
   441 | D        | Reached * piety under Cheibriados
   442 | D        | Reached skill level 7 in Maces & Flails
   442 | D        | Reached XP level 6. HP: 52/52 MP: 6/6
   455 | D        | Killed a two-headed ogre
   456 | D        | Reached skill level 10 in Maces & Flails
   456 | D        | Reached XP level 7. HP: 34/63 MP: 7/7
   456 | D        | Reached XP level 8. HP: 38/69 MP: 8/8
   458 | D        | Reached ** piety under Cheibriados
   459 | D        | Reached skill level 10 in Shields
   459 | D        | Reached skill level 1 in Invocations
   462 | D        | Reached *** piety under Cheibriados
   466 | D        | Killed a kobold demonologist
   576 | D        | Noticed a komodo dragon
   576 | D        | Noticed a gargoyle
   576 | D        | Noticed a centaur warrior
   576 | D        | Noticed a tengu conjurer
   576 | D        | Noticed a cyan ugly thing
   576 | D        | Noticed a troll
   582 | D        | Killed a komodo dragon
   583 | D        | Reached skill level 11 in Maces & Flails
   583 | D        | Reached XP level 9. HP: 48/75 MP: 10/12
   593 | D        | Killed a centaur warrior
   593 | D        | Reached **** piety under Cheibriados
   594 | D        | Reached skill level 13 in Maces & Flails
   598 | D        | Killed a cyan ugly thing
   599 | D        | Reached skill level 14 in Maces & Flails
   600 | D        | Killed a gargoyle
   601 | D        | Reached XP level 10. HP: 13/82 MP: 7/16
   608 | D        | Reached ***** piety under Cheibriados
   609 | D        | Reached skill level 15 in Maces & Flails
   817 | D        | Noticed a cane toad
   819 | D        | Noticed a cane toad
   823 | D        | Reached skill level 10 in Invocations
   837 | D        | Killed a cane toad
   837 | D        | Reached ****** piety under Cheibriados
   838 | D        | Reached skill level 16 in Maces & Flails
   845 | D        | Killed a cane toad
   982 | D        | Noticed a rime drake
   982 | D        | Noticed a boulder beetle
   985 | D        | Noticed an elephant
   995 | D        | Killed a boulder beetle
   996 | D        | Reached skill level 17 in Maces & Flails
   996 | D        | Noticed a torpor snail
   999 | D        | Killed a rime drake
  1000 | D        | Reached XP level 11. HP: 84/87 MP: 18/20
  1012 | D        | Killed an elephant
  1022 | D        | Reached skill level 18 in Maces & Flails
  1060 | D        | Noticed a death yak
  1060 | D        | Noticed a death yak
  1060 | D        | Noticed a death yak
  1060 | D        | Noticed a death yak
  1060 | D        | Noticed a death yak
  1067 | D        | Noticed a death yak
  1069 | D        | Killed a death yak
  1070 | D        | Noticed a death yak
  1078 | D        | Killed a death yak
  1085 | D        | Killed a death yak
  1086 | D        | Reached skill level 19 in Maces & Flails
  1095 | D        | Killed a death yak
  1100 | D        | Killed a death yak
  1101 | D        | Reached skill level 15 in Invocations
  1110 | D        | Killed a death yak
  1111 | D        | Reached skill level 20 in Maces & Flails
  1116 | D        | Killed a death yak
  1365 | D        | Reached XP level 12. HP: 87/94 MP: 23/23
  1639 | D        | Reached skill level 21 in Maces & Flails
  1838 | D        | Found Lumeblylef's Armour Emporium.
  1857 | D        | Mangled by an orc knight

Illustrated notes

Levels and vault maps discovered:
D:        linesprint [early_d, line_temple, items_1, d_10, items_2, lair_1,
          lair_end, items_3, orc_1, orc_end, items_4, d_15, swamp_1, shoals_1,
          snake_1, spider_1, d_20, vaults_1, items_5, swamp_end, shoals_end,
          snake_end, spider_end, vaults_end, d_27, items_6, zot_1, zot_end,
          crypt_end, forest_end, elf_end, slime_end, tomb_end, abyss_end,
          pan_hell_end]

Skill      XL: |  1  2  3  4  5  6  7  8  9 10 11 12 |
---------------+-------------------------------------+-----
Maces & Flails | 3 4 5 7 10 11 14 17 20 21 | 21.4
Dodging        | 1 2 3 4 6 |  6.6
Fighting       | 4 5 6 8 |  8.9
Armour         | 4 5 6 8 |  8.9
Shields        | 5 6 7 9 10 | 10.3
Invocations    | 4 9 12 15 16 | 16.7

Action                     |  1- 3 |  4- 6 |  7- 9 | 10-12 || total
---------------------------+-------+-------+-------+-------++-------
  Melee: Flail             |    23 |     9 |       |       ||    32
         Dire flail        |       |    13 |    30 |   204 ||   247
         Giant spiked club |       |       |       |    18 ||    18
 Invoke: Slouch            |       |       |     1 |     1 ||     2
    Use: Potion            |     2 |       |       |     1 ||     3
 Armour: Scale mail        |    17 |    10 |       |    57 ||    84
         Chain mail        |       |    12 |    25 |     1 ||    38
         Plate armour      |       |       |       |     9 ||     9
  Dodge: Dodged            |     9 |    13 |    11 |    56 ||    89
  Block: Buckler           |     6 |    12 |    14 |    41 ||    73

Table legend: (Time is in decaauts)
 A = Elapsed time spent in this place.
 B = Non-inter-level travel time spent in this place.
 C = Inter-level travel time spent in this place.
 D = Time resting spent in this place.
 E = Time spent auto-exploring this place.
 F = Levels seen in this place.
 G = Mean time per level.
                   A        B        C        D        E       F      G
               +--------+--------+--------+--------+--------+-----+--------+
         Total |   2073 |   2073 |      0 |    976 |    328 |   1 | 2073.0 |
       Dungeon |   2073 |   2073 |      0 |    976 |    328 |   1 | 2073.0 |
               +--------+--------+--------+--------+--------+-----+--------+

Top non-repeatable levels by time:
       D: 2073 daAuts
